 Dungeon Crawl Stone Soup version 0.17.1-2-g5865329 (webtiles) character file.

1590 kaze the Ducker (level 8, 0/79 HPs)
             Began as a Troll Berserker on Jan 26, 2016.
             Was a Priest of Trog.
             Shot with an arrow of frost by a centaur (7 damage)
             ... on level 7 of the Dungeon.
             The game lasted 00:30:11 (5168 turns).

kaze the Ducker (Troll Berserker)                   Turns: 5168, Time: 00:30:11

Health: 0/79       AC:  7    Str: 28    XL:     8   Next: 61%
Magic:  5/5        EV:  9    Int:  3    God:    Trog [***...]
Gold:   415        SH:  9    Dex:  9    Spells: 0 memorised, 7 levels left

rFire  . . .     SeeInvis +     w - +0 war axe
rCold  . . .     Rnd*Rage +     a - +2 animal skin
rNeg   . . .     SustAt   .     x - +0 shield
rPois  .         Gourm    +     (helmet restricted)
rElec  .         Spirit   .     (no cloak)
rCorr  .         Warding  .     (gloves unavailable)
rMut   .         Stasis   .     (boots unavailable)
MR     ++...                    (no amulet)
Stlth  +.........               l - ring of see invisible
                                d - ring of flight

@: exhausted, regenerating, slowed, very slow, very resistant to hostile
enchantments, very unstealthy
A: unfitting armour, claws 3, berserk 1, fast metabolism 3, gourmand, low mp 2,
regeneration 2, shaggy fur 1, tough skin 2
a: Berserk, Trog's Hand, Burn Spellbooks, Renounce Religion, Evoke Flight


You were on level 7 of the Dungeon.
You worshipped Trog.
Trog was most pleased with you.
You were full.

You visited 1 branch of the dungeon, and saw 7 of its levels.

You collected 415 gold pieces.

Inventory:

Hand Weapons
 u - a +0 morningstar
 w - a +0 war axe (weapon)
Armour
 a - a +2 animal skin (worn)
 x - a +0 shield (worn)
Jewellery
 d - a ring of flight (left claw)
 l - a ring of see invisible (right claw)
 o - an uncursed amulet of resist corrosion
Scrolls
 f - a scroll of fog
 i - a scroll of identify
 j - 2 scrolls of fear
 m - 2 scrolls of noise
 p - a scroll of magic mapping
 t - a scroll of teleportation
 y - a scroll of enchant armour
 z - 2 scrolls of amnesia
 C - a scroll of remove curse
 D - a scroll of blinking {unknown}
 E - a scroll of holy word {unknown}
Potions
 c - 2 potions of degeneration {unknown}
 e - 4 potions of mutation {unknown}
 g - a potion of might {unknown}
 h - a potion of invisibility {unknown}
 q - 2 potions of ambrosia {unknown}
 r - 4 potions of heal wounds {unknown}
 s - a potion of lignification {unknown}
 v - 3 potions of resistance {unknown}
 A - a potion of flight {unknown}
Books
 B - a book of Summonings

   Spells                             Type                      Level
   a - Recall                         Summoning/Translocation      3
   b - Aura of Abjuration             Summoning                    5
   c - Shadow Creatures               Summoning                    5
   d - Summon Demon                   Summoning                    5
   e - Summon Forest                  Summoning/Translocation      5
   f - Summon Mana Viper              Hexes/Summoning              5
   Trog disapproves of the use of such an item.
Comestibles
 b - 6 bread rations
 k - 2 beef jerkies
 n - 4 meat rations
 F - 2 chunks of flesh


   Skills:
 + Level 4.6 Fighting
 + Level 2.1(2.6) Axes
 + Level 2.6(3.1) Maces & Flails
 + Level 6.5 Dodging
 - Level 0.1 Stealth
 + Level 2.9 Shields
 + Level 4.3 Unarmed Combat


You had 7 spell levels left.
You didn't know any spells.

Dungeon Overview and Level Annotations

Branches:
Dungeon (7/15)
 Temple: D:4-7

Altars:
Okawaru
Sif Muna


Innate Abilities, Weirdness & Mutations

You are too large for most types of armour.
You have claws for hands.
Your metabolism is lightning-fast.
You like to eat raw meat.
You heal very quickly.
You are covered in fur (AC +1).
You have very tough skin (AC +2).
You tend to lose your temper in combat.
Your magical capacity is very low (-20% MP).


Message History

You block the ogre's attack. x2
You hit the ogre.
The ogre is heavily wounded.
You feel the effects of Trog's Hand fading.
The ogre hits you with a giant spiked club!!
You barely miss the ogre.
The ogre is heavily wounded.
The ogre hits you with a giant spiked club!!
* * * LOW HITPOINT WARNING * * *
You block the ogre's attack.
Your skin crawls.
You feel resistant to hostile enchantments.
You feel slightly less full. The ogre closely misses you. The ogre misses you.
There is an open gate here.
The centaur wields a shortbow.
The centaur shoots an arrow of frost.
The arrow of frost hits you!
* * * LOW HITPOINT WARNING * * *
The arrow of frost freezes you!
You die...

#.# #.# # #.#
#.####### .#
#.####)##....###.##
#.....)......#.....
#.####.#...........
#..................
###.............P.P
##....P.P.....P♣P♣P
#.....P♣P.@..[PP♣
#...P♣PPP♣....♣♣♣
##..[PPPPP#O''##
#...♣P♣♣♣P#.c.#
#..PP♣# ###.>.#
#..♣P♣ #...#
#..PP♣# #†)/#
#..♣PP#...#)###
#.....#c..'........


You could see an ogre and a centaur.

Vanquished Creatures
  A hippogriff (D:3)
  An orc warrior (D:6)
  An ice beast (D:6)
  A phantom (D:5)
  2 ogres (D:4)
  A sky beast (D:5)
  A big kobold (D:7)
  Blork the orc (D:5)
  A gnoll sergeant (D:7)
  A scorpion (D:4)
  2 crimson imps
  3 hounds
  A giant frog zombie (D:6)
  An orc priest (D:7)
  Crazy Yiuf (D:3)
  3 orc wizards
  An iguana (D:5)
  2 worker ants
  A worker ant zombie (D:6)
  8 gnolls
  5 adders
  A shadow imp (D:5)
  An ooze (D:2)
  An adder zombie (D:6)
  2 adder skeletons (D:4)
  A worm (D:2)
  15 orcs
  5 bats
  6 giant cockroaches
  5 goblins
  12 hobgoblins
  5 jackals
  3 quokkas
  3 ball pythons
  4 giant geckos
  4 giant newts
  A jackal zombie (D:5)
  18 kobolds
  A quokka zombie (D:5)
  3 rats
130 creatures vanquished.

Notes
Turn   | Place    | Note
--------------------------------------------------------------
     0 | D:1      | kaze the Troll Berserker began the quest for the Orb.
     0 | D:1      | Reached XP level 1. HP: 22/22 MP: 0/0
   412 | D:1      | Reached XP level 2. HP: 29/29 MP: 1/1
   990 | D:2      | Found an iron altar of Okawaru.
  1000 | D:2      | Reached XP level 3. HP: 36/36 MP: 2/2
  1188 | D:2      | Reached ** piety under Trog
  1225 | D:2      | Found a deep blue altar of Sif Muna.
  1336 | D:2      | Reached XP level 4. HP: 31/44 MP: 3/3
  1697 | D:3      | Noticed a hippogriff
  1707 | D:3      | Killed a hippogriff
  1707 | D:3      | Reached skill level 4 in Unarmed Combat
  1707 | D:3      | Reached XP level 5. HP: 53/53 MP: 4/4
  2071 | D:3      | Noticed Crazy Yiuf
  2084 | D:3      | Killed Crazy Yiuf
  2084 | D:3      | Reached XP level 6. HP: 11/61 MP: 5/5
  2654 | D:4      | Reached skill level 1 in Maces & Flails
  3315 | D:4      | Reached skill level 5 in Dodging
  3315 | D:4      | Reached skill level 1 in Shields
  3315 | D:4      | Reached XP level 7. HP: 67/67 MP: 6/6
  3716 | D:5      | Entered Level 5 of the Dungeon
  4039 | D:5      | Gained mutation: Your system is resistant to poisons. [mutagenic meat]
  4041 | D:5      | Lost mutation: Your system is resistant to poisons. [mutagenic meat]
  4042 | D:5      | Gained mutation: Your magical capacity is low (-10% MP). [mutagenic meat]
  4043 | D:5      | Gained mutation: Your magical capacity is very low (-20% MP). [mutagenic meat]
  4044 | D:5      | Gained mutation: You tend to lose your temper in combat. [mutagenic meat]
  4124 | D:5      | Noticed Blork the orc
  4139 | D:5      | Killed Blork the orc
  4180 | D:5      | Reached *** piety under Trog
  4395 | D:6      | Reached XP level 8. HP: 78/78 MP: 5/5
  4629 | D:6      | Reached skill level 1 in Axes
  4629 | D:6      | Reached skill level 6 in Dodging
  5168 | D:7      | Shot with an arrow of frost by a centaur

Action                   |  1- 3 |  4- 6 |  7- 9 || total
-------------------------+-------+-------+-------++-------
Melee: Unarmed           |    82 |    11 |       ||    93
       Morningstar       |       |   157 |    99 ||   256
       Great sword       |       |    14 |       ||    14
       War axe           |       |       |   178 ||   178
Invok: Berserk           |       |     3 |     6 ||     9
       Trog's Hand       |       |     2 |     5 ||     7
  Use: Scroll            |       |     8 |     3 ||    11
  Eat: Chunk             |     7 |    13 |    25 ||    45
       Bread ration      |     2 |       |     1 ||     3
       Fruit             |       |     3 |       ||     3
       Pizza             |       |     1 |     1 ||     2
       Royal jelly       |       |     1 |       ||     1
       Meat ration       |       |       |     1 ||     1
